Map: Vigía EE

Players

Andresote - Winner!

  • Race: Protoss Protoss
  • Spawn Location: 5:00

PiñeraCuliao - Winner!

  • Race: Protoss Protoss
  • Spawn Location: 5:00

Poluxx - Winner!

  • Race: Zerg Zerg
  • Spawn Location: 6:00

MrFercho

  • Race: Zerg Zerg
  • League: Gold
  • Spawn Location: 9:00

tigro

  • Race: Terran Terran
  • League: Bronze
  • Spawn Location: 9:00

TATORREA

  • Race: Protoss Protoss
  • League: Gold
  • Spawn Location: 12:00

VOD

Have the link to the VOD?

Description

Time

  • Played on: July 24, 2020, 9:17 p.m.
  • Length: 8:25
Show
View Real Time Build Order
Export as new Build Order

Andresote Protoss - Winner!

Build Orders:  

Get SALT Encoding   

  12  0:03  Probe  
  13  0:15  Probe  
  14  0:25  Pylon  
  14  0:29  Probe  
  15  0:43  Probe  
  15  0:46  Forge  
  16  0:55  Probe  
  17  1:07  Probe  
  18  1:18  Pylon  
  18  1:19  Probe  
  19  1:29  Pylon  
  19  1:32  Probe  
  20  1:39  Pylon  
  20  1:44  Probe  
  20  1:56  Probe  
  20  2:01  Nexus  
  21  2:10  Assimilator, Probe  
  22  2:30  Nexus  
  22  2:36  Probe  
  21  3:07  Assimilator  
  21  3:12  Pylon  
  21  3:24  Probe  
  22  3:31  Photon Cannon  
  22  3:35  Photon Cannon  
  22  3:37  Pylon  
  22  3:44  Photon Cannon, Probe  
  22  3:45  Probe  
  24  3:56  Probe  
  24  3:57  Probe  
  26  4:04  Photon Cannon  
  26  4:06  Photon Cannon  
  26  4:13  Photon Cannon  
  26  4:18  Pylon  
  26  4:25  Probe x2  
  28  4:37  Probe x2  
  30  4:39  Photon Cannon  
  30  4:40  Photon Cannon  
  30  4:47  Photon Cannon  
  30  4:53  Photon Cannon  
  30  4:58  Probe  
  31  5:01  Probe  
  32  5:07  Photon Cannon  
  32  5:11  Probe  
  33  5:15  Photon Cannon  
  33  5:23  Probe  
  34  5:35  Pylon  
  34  5:39  Probe x2  
  36  5:46  Pylon  
  36  5:51  Probe  
  36  5:52  Probe  
  37  6:00  Probe x2  
  39  6:08  Probe x2  
  41  6:18  Gateway  
  41  6:27  Probe  
  42  6:38  Probe  
  42  6:39  Probe  
  44  6:41  Assimilator  
  44  6:42  Assimilator  
  44  6:44  Assimilator  
  44  6:47  Assimilator  
  44  6:50  Probe  
  44  6:51  Probe  
  46  7:01  Probe  
  47  7:02  Probe  
  47  7:03  Probe  
  49  7:13  Probe  
  49  7:14  Probe  
  51  7:15  Probe  
  52  7:25  Probe  
  53  7:30  Cybernetics Core  
  53  7:31  Cybernetics Core  
  53  8:01  Nexus  
  53  8:04  Pylon  
  53  8:05  Pylon x2  
  53  8:20  Pylon  
  53  8:22  Pylon  
  53  8:25  Pylon  
Show
View Real Time Build Order
Export as new Build Order

PiñeraCuliao Protoss - Winner!

Build Orders:  

Get SALT Encoding   

  12  0:01  Probe  
  13  0:13  Probe  
  14  0:22  Pylon  
  14  0:25  Probe  
  15  0:32  Pylon  
  15  0:40  Probe  
  16  0:52  Gateway, Probe  
  17  1:01  Assimilator  
  17  1:04  Probe  
  18  1:17  Probe  
  19  1:20  Gateway  
  19  1:27  Forge  
  19  1:31  Probe  
  20  1:36  Assimilator  
  20  1:43  Probe  
  21  1:53  Zealot  
  23  2:10  Nexus  
  23  2:15  Zealot  
  25  2:29  Probe  
  26  2:41  Probe  
  26  2:42  Zealot  
  29  2:47  Zealot  
  31  2:54  Cybernetics Core  
  31  2:57  Pylon  
  31  3:01  Pylon  
  31  3:15  Probe, Zealot  
  34  3:27  Probe, Zealot  
  37  3:42  Zealot  
  37  3:43  Gateway  
  37  3:44  Probe  
  40  3:51  Pylon  
  40  3:56  Photon Cannon, Probe  
  40  4:02  Probe  
  42  4:08  Probe  
  43  4:10  Twilight Council  
  43  4:14  Probe  
  44  4:20  Zealot x2  
  44  4:33  Probe  
  44  4:37  Gateway  
  45  4:44  Gateway  
  45  4:45  Probe, Zealot  
  47  4:51  Probe  
  49  4:58  Probe  
  41  5:10  Probe  
  41  5:12  Photon Cannon  
  41  5:15  Zealot  
  41  5:17  Photon Cannon  
  42  5:24  Probe  
  34  5:36  Probe  
  34  5:42  Zealot  
  35  5:43  Charge  
  35  5:48  Probe x2  
  37  6:00  Probe x2  
  39  6:09  Zealot  
  39  6:29  Zealot x2  
  42  6:32  Probe  
  42  6:33  Assimilator, Probe  
  42  6:37  Zealot x2  
  47  6:44  Probe  
  47  6:45  Probe  
  49  6:55  Stalker  
  49  6:56  Stalker  
  49  6:57  Probe  
  54  7:03  Stalker  
  54  7:04  Stalker x2  
  60  7:21  Probe  
  61  7:25  Stalker  
  61  7:26  Stalker  
  65  7:33  Stalker, Probe  
  68  7:46  Probe  
  59  8:25  Nexus  
Show
View Real Time Build Order
Export as new Build Order

Poluxx Zerg - Winner!

Build Orders: Hatch First 

Get SALT Encoding   

  12  0:04  Drone  
  13  0:15  Overlord  
  13  0:24  Drone  
  14  0:33  Drone x2  
  16  0:54  Hatchery  
  15  1:02  Drone  
  15  1:03  Drone  
  17  1:17  Drone x2  
  17  1:18  Extractor  
  18  1:35  Spawning Pool, Drone  
  18  1:37  Drone  
  19  1:47  Drone  
  20  1:57  Overlord  
  20  2:07  Drone  
  21  2:10  Drone  
  22  2:18  Drone  
  22  2:22  Queen  
  25  2:24  Queen  
  25  2:27  Overlord  
  27  2:30  Drone  
  28  2:40  Spine Crawler  
  28  2:42  Zergling x2  
  28  2:46  Drone x2  
  30  2:52  Drone  
  30  2:58  Queen, Roach Warren  
  33  3:01  Evolution Chamber  
  33  3:04  Drone  
  32  3:06  Drone  
  32  3:10  Zergling x2  
  34  3:15  Zergling x2  
  34  3:18  Metabolic Boost  
  35  3:25  Extractor x2, Drone x2  
  35  3:43  Drone x3, Spore Crawler  
  35  3:44  Drone  
  35  3:47  Drone  
  39  3:49  Drone  
  39  3:51  Roach  
  39  3:52  Roach  
  44  3:56  Overlord  
  42  4:39  Zergling x6  
  42  4:40  Zergling x4  
  46  4:46  Drone  
  46  4:48  Drone  
  46  4:49  Drone x4  
  52  4:53  Overlord  
  52  4:58  Zerg Melee Weapons Level 1  
  52  5:00  Lair  
  52  5:10  Spine Crawler  
  51  5:34  Zergling x10  
  56  5:38  Roach  
  56  5:39  Roach  
  60  5:44  Overlord x3  
  60  6:21  Drone x3  
  60  6:22  Drone  
  60  6:25  Roach x3  
  70  6:26  Roach x2  
  70  6:30  Glial Reconstitution, Evolution Chamber  
  73  6:56  Spire  
  73  6:58  Drone x2  
  73  7:00  Zergling x2  
  73  7:01  Zergling x6  
  78  7:03  Drone x3  
  81  7:13  Infestation Pit  
  80  7:29  Hatchery  
Show
View Real Time Build Order
Export as new Build Order

MrFercho Zerg 

Build Orders: Hatch First 

Get SALT Encoding   

  12  0:02  Drone  
  13  0:13  Overlord  
  13  0:18  Drone  
  14  0:31  Drone x2  
  16  0:54  Drone  
  16  0:57  Hatchery, Drone  
  17  1:09  Extractor  
  16  1:17  Spawning Pool  
  15  1:20  Drone x2  
  17  1:29  Drone  
  18  1:39  Drone  
  19  1:52  Drone  
  20  2:09  Drone x2  
  20  2:12  Queen x2  
  20  2:14  Zergling x2  
  27  2:17  Metabolic Boost  
  27  2:48  Drone  
  27  2:51  Overlord x3  
  28  2:52  Overlord  
  28  3:02  Overlord x2  
  27  3:21  Zergling x4  
  27  3:26  Drone x5  
  34  3:42  Drone x4  
  34  3:46  Queen  
  40  3:48  Queen  
  42  3:56  Drone x3  
  45  4:04  Zergling x10  
  45  4:05  Zergling x4  
  51  4:17  Roach Warren  
  50  4:49  Extractor  
  50  4:51  Extractor  
  47  5:05  Roach x7  
  47  5:06  Roach  
  63  5:11  Extractor  
  60  5:15  Drone  
  57  5:41  Ravager x8  
  65  5:47  Zergling x16  
  65  5:48  Overlord  
  65  5:49  Overlord x2  
  72  6:07  Roach x3  
  64  7:24  Drone x2  
  64  7:25  Drone  
  64  7:26  Drone x2  
  64  7:28  Drone x2  
  71  7:32  Drone x3  
  74  7:45  Overlord  
  74  7:47  Roach  
  74  7:48  Roach x7  
  84  8:05  Roach x5  
Show
View Real Time Build Order
Export as new Build Order

tigro Terran 

Build Orders:  

Get SALT Encoding   

  12  0:13  SCV  
  13  0:16  Supply Depot  
  13  0:26  SCV  
  14  0:38  SCV  
  15  0:43  Barracks  
  15  0:53  Refinery  
  16  1:03  SCV  
  16  1:15  SCV  
  17  1:27  SCV  
  17  1:32  Marine  
  19  1:39  SCV  
  20  1:45  Refinery  
  20  1:49  Marine  
  21  2:00  Supply Depot  
  21  2:07  Marine  
  22  2:25  Marine  
  23  2:43  Marine  
Show
View Real Time Build Order
Export as new Build Order

TATORREA Protoss 

Build Orders:  

Get SALT Encoding   

  12  0:02  Probe  
  13  0:14  Probe  
  14  0:25  Pylon  
  14  0:26  Probe  
  15  0:43  Probe  
  15  0:49  Gateway  
  16  1:00  Probe  
  17  1:12  Probe  
  18  1:45  Probe  
  18  1:53  Probe  
  19  1:57  Assimilator  
  20  2:12  Cybernetics Core  
  20  2:16  Nexus  
  20  2:17  Pylon x2  
  20  2:24  Probe  
  21  2:30  Assimilator, Pylon, Zealot  
  21  2:36  Probe  
  24  2:53  Warp Gate  
  24  2:54  Probe  
  25  3:01  Zealot  
  25  3:06  Probe  
  26  3:20  Probe  
  27  3:29  Probe  
  27  3:30  Zealot  
  27  3:32  Probe  
  32  3:41  Probe  
  32  3:45  Probe  
  33  3:53  Probe  
  33  3:54  Stalker  
  34  3:57  Probe  
  36  4:05  Probe  
  35  4:25  Nexus  
  35  4:26  Pylon  
  35  4:30  Pylon  
  33  4:31  Assimilator  
  33  4:33  Assimilator  
  33  4:36  Robotics Facility  
  33  4:39  Gateway  
  33  4:42  Gateway  
  33  4:43  Stalker  
  31  5:07  Pylon  
  31  5:08  Stalker  
  31  5:10  Pylon  
  20  5:33  Stalker  
  12  5:54  Immortal  
  4  6:11  Stalker x3  
  10  6:34  Immortal  
  10  6:39  Probe x2  
  12  7:17  Probe x2  
  14  7:29  Probe x2  
  16  7:41  Probe  
Tags
 
Add a new tag
Caveats
  • Supply blocks, unpowered buildings, or Contaminate may cause inaccurate times.
  • Supply counts are checked every 10 seconds.